WINNIPEG vs EDMONTON

Created - March-15-21 at 13:52

Goals
1 2 3 T
WINNIPEG 2 2 2 6
EDMONTON 1 0 0 1
Shots
1 2 3 T
WINNIPEG 11 4 13 28
EDMONTON 10 12 10 32

1st period

1. WINNIPEG , Sidney Crosby 13 (J.T. Miller 20, Chris Tanev 16) at 1:14
2. WINNIPEG , Patrick Kane 15 (Olli Maatta 11, Alexander Edler 21) at 4:24
3. EDMONTON , Bryan Rust 13 (Travis Hamonic 18, Anze Kopitar 16) at 14:05

Penalties :
J.T. Miller (WPG) for Hooking (Minor) at 8:45

2nd period

4. WINNIPEG , Sidney Crosby 14 (J.T. Miller 21, Marcus Pettersson 16) at 9:07
5. WINNIPEG , Patrick Kane 16 (Alexander Edler 22, Jay Beagle 6) at 15:13

Penalties :
Jakub Voracek (EDM) for Hooking (Minor) at 0:27, Chris Tanev (WPG) for High sticking (Minor) at 4:06

3rd period

6. WINNIPEG , Alexander Edler 9 (Sidney Crosby 13, Justin Braun 12) at 5:49
7. WINNIPEG , Alex Ovechkin 14 (Oscar Fantenberg 5, Sidney Crosby 14) at 18:47

Penalties :
Mathieu Perreault (EDM) for Hooking (Minor) at 4:40, Alex Ovechkin (WPG) for Tripping (Minor) at 4:40, Chris Tanev (WPG) for Boarding (Minor) at 14:31

Goalie Stats

Connor Hellebuyck (WPG), 31 saves from 32 shots - (0.969), W, 16-7-3, 60:00 minutes
Darcy Kuemper (EDM), 22 saves from 28 shots - (0.786), L, 21-10-3, 60:00 minutes

Players Stats for WINNIPEG

Player Name              G  A  P  +/- PIM S  H  SB GA TA FO     MP     PP MP  PK MP  
------------------------------------------------------------------------------------
Alex Ovechkin            1  0  1   2  2   4  5  0  0  0  0/1    20:42   0:53   0:00 
Alexander Edler          1  2  3   2  0   1  5  1  0  0  0/0    22:32   0:53   3:17 
Antoine Roussel          0  0  0   0  0   1  1  0  0  0  0/1    15:30   0:00   0:51 
Chris Tanev              0  1  1   1  4   0  0  2  0  0  0/0    20:42   1:06   0:55 
Dan Hamhuis              0  0  0   0  0   0  0  0  0  0  0/0     1:45   0:00   1:45 
Drew O'Connor            0  0  0   1  0   0  0  0  0  0  0/0     0:33   0:00   0:00 
J.T. Miller              0  2  2   2  2   2  1  1  0  0  4/7    18:06   1:06   1:10 
Jay Beagle               0  1  1   2  0   0  2  0  0  0  12/28  20:30   1:06   3:48 
Justin Braun             0  1  1   2  0   1  0  1  0  0  0/0    20:47   0:53   2:57 
Loui Eriksson            0  0  0   0  0   0  0  0  0  0  1/1     5:25   0:00   0:00 
Marcus Pettersson        0  1  1   2  0   1  4  4  0  0  0/0    21:24   1:06   3:00 
Nic Dowd                 0  0  0   0  0   0  1  1  0  0  11/15  14:39   0:00   0:00 
Olli Maatta              0  1  1   2  0   1  1  0  0  0  0/0    16:24   0:00   0:00 
Oscar Fantenberg         0  1  1   1  0   1  1  3  0  0  0/0    16:24   0:00   0:00 
Patrick Kane             2  0  2   2  0   4  0  0  0  0  0/0    18:08   1:06   0:00 
Sidney Crosby            2  2  4   3  0   6  0  0  0  0  14/25  16:17   0:53   0:26 
Tyler Motte              0  0  0   0  0   2  3  0  0  0  0/1    18:23   0:00   3:44 
Tyler Toffoli            0  0  0   2  0   2  1  1  0  0  1/1    18:24   0:53   1:55 
Zack MacEwen             0  0  0   0  0   2  1  0  0  0  1/4     5:25   0:00   0:00 

Players Stats for EDMONTON

Player Name              G  A  P  +/- PIM S  H  SB GA TA FO     MP     PP MP  PK MP  
------------------------------------------------------------------------------------
Anze Kopitar             0  1  1   0  0   1  0  0  0  0  15/28  22:24   3:16   1:04 
Barclay Goodrow          0  0  0  -1  0   1  2  0  0  0  0/2    12:31   0:00   0:00 
Bryan Rust               1  0  1  -1  0   2  2  0  0  0  0/0    21:12   3:16   0:19 
Colin Miller             0  0  0  -2  0   2  1  0  0  0  0/0    14:37   0:00   0:00 
Colin Wilson             0  0  0   0  0   0  0  0  0  0  0/1     6:48   0:00   0:00 
Craig Smith              0  0  0  -1  0   5  2  0  0  0  10/20  14:36   2:41   0:00 
Darren Helm              0  0  0  -1  0   1  3  0  0  0  1/2    13:46   0:00   1:37 
David Perron             0  0  0  -4  0   2  2  0  0  0  1/2    18:03   2:41   0:55 
Derek Forbort            0  0  0  -4  0   1  2  2  0  0  0/0    20:17   2:14   0:54 
Jakub Voracek            0  0  0   0  2   4  0  0  0  0  1/2    21:07   3:16   0:00 
Jason Demers             0  0  0   1  0   0  3  0  0  0  0/0    25:06   3:43   1:05 
Josh Archibald           0  0  0   0  0   1  1  0  0  0  0/0     6:48   0:00   0:00 
Justin Holl              0  0  0  -2  0   0  1  2  0  0  0/0    14:37   0:00   0:00 
Kyle Palmieri            0  0  0  -3  0   6  1  0  0  0  0/2    16:47   2:41   0:00 
Mathieu Perreault        0  0  0   0  2   1  2  0  0  0  6/9     6:50   0:00   0:03 
Matt Roy                 0  0  0  -4  0   0  1  0  0  0  0/0    20:17   2:14   0:54 
Travis Hamonic           0  1  1   1  0   3  0  0  0  0  0/0    25:06   3:43   1:05 
Tyler Johnson            0  0  0  -3  0   2  1  0  0  0  6/16   15:08   0:00   0:00 

3 Stars

1 - Sidney Crosby (WPG)
2 - Alexander Edler (WPG)
3 - Patrick Kane (WPG)

Power Play

WINNIPEG - 0 on 1 Attempt(s) - 0.00%
EDMONTON - 0 on 3 Attempt(s) - 0.00%

Penalty Kill

WINNIPEG - 3 on 3 Attempt(s) - 100.00% - Score 0 goal in Penalty Kill
EDMONTON - 1 on 1 Attempt(s) - 100.00% - Score 0 goal in Penalty Kill

Team Stat

WINNIPEG - Hits : 26 - Faceoff Wins : 44 - Blocked Shots : 14 - Penalty Minutes : 8
EDMONTON - Hits : 24 - Faceoff Wins : 40 - Blocked Shots : 4 - Penalty Minutes : 4

Official

Referees : Tom Chmielewski and Kendrick Nicholson
Linesman : Ryan Daisy and Tony Sericolo

Game Notes

No Game Note

Finance

Level 1 -- Attendance: 4355 (72.58%) -- Ticket Income $435,500
Level 2 -- Attendance: 4136 (82.72%) -- Ticket Income $248,160
Level 3 -- Attendance: 1873 (93.65%) -- Ticket Income $65,555
Level 4 -- Attendance: 3592 (89.80%) -- Ticket Income $71,840
Luxury Box -- Attendance: 771 (77.10%) -- Ticket Income $154,200
Game was played at the Rogers Place.
Total Attendance: 14727 (81.82%)
Total Ticket Income: $975,255
Total Income: $975,255

WINNIPEG

5 vs 5 Forward 
   Center                   Left Wing                Right Wing               Time % Phy DF OF 
 1 Jay Beagle               Patrick Kane             Tyler Toffoli            41     1   2  2  
 2 Sidney Crosby            Alex Ovechkin            J.T. Miller              40     1   2  2  
 3 Nic Dowd                 Antoine Roussel          Tyler Motte              15     1   3  1  
 4 Zack MacEwen             Loui Eriksson            Alex Ovechkin            4      1   2  2  

5 vs 5 Defense 
   Defense                  Defense                                           Time % Phy DF OF 
 1 Alexander Edler          Olli Maatta                                       35     1   2  2  
 2 Chris Tanev              Marcus Pettersson                                 33     1   2  2  
 3 Oscar Fantenberg         Justin Braun                                      22     1   2  2  
 4 Alexander Edler          Chris Tanev                                       10     1   2  2  

PowerPlay Forward 
   Center                   Left Wing                Right Wing               Time % Phy DF OF 
 1 Sidney Crosby            Alex Ovechkin            Tyler Toffoli            60     0   2  3  
 2 Jay Beagle               Patrick Kane             J.T. Miller              40     0   2  3  

PowerPlay Defense
   Defense                  Defense                                           Time % Phy DF OF 
 1 Alexander Edler          Justin Braun                                      60     0   2  3  
 2 Chris Tanev              Marcus Pettersson                                 40     1   2  2  

Penalty Kill 4 Players Forward 
   Center                   Wing                     Time % Phy DF OF 
 1 Jay Beagle               Tyler Motte              60     0   3  2  
 2 J.T. Miller              Tyler Toffoli            40     0   3  2  

Penalty Kill 4 Players Defense
   Defense                  Defense                  Time % Phy DF OF 
 1 Alexander Edler          Justin Braun             60     1   4  0  
 2 Chris Tanev              Marcus Pettersson        40     1   4  0  

Penalty Kill - 3 Players Forward 
   Forward                                           Time % Phy DF OF 
 1 Jay Beagle                                        60     1   2  2  
 2 Tyler Motte                                       40     1   2  2  

Penalty Kill - 3 Players Defense
   Defense                  Defense                  Time % Phy DF OF 
 1 Alexander Edler          Olli Maatta              60     1   4  0  
 2 Chris Tanev              Marcus Pettersson        40     1   4  0  

4 vs 4 Forward 
   Center                   Wing                     Time % Phy DF OF 
 1 J.T. Miller              Patrick Kane             60     1   2  2  
 2 Sidney Crosby            Alex Ovechkin            40     1   2  2  

4 vs 4 Defense
   Defense                  Defense                  Time % Phy DF OF 
 1 Alexander Edler          Justin Braun             60     1   2  2  
 2 Chris Tanev              Marcus Pettersson        40     1   2  2  

Last Minutes Offensive
   Center                   Left Wing                Right Wing               Defense                  Defense                  
   Sidney Crosby            Alex Ovechkin            J.T. Miller              Patrick Kane             Tyler Toffoli            

Last Minutes Defensive
   Center                   Left Wing                Right Wing               Defense                  Defense                  
   Jay Beagle               Tyler Motte              Nic Dowd                 Alexander Edler          Chris Tanev              

Goaltenders
Starting : Connor Hellebuyck        
Backup : Louis Domingue           

Extra Forwards
Normal : Drew O'Connor, Loui Eriksson, Antoine Roussel - PP : Antoine Roussel, Loui Eriksson - PK : Antoine Roussel
Extra Defensemen
Normal : Oscar Fantenberg, Dan Hamhuis, Chris Tanev - PP : Oscar Fantenberg - PK : Dan Hamhuis, Chris Tanev
Penalty Shots
Alex Ovechkin, Patrick Kane, Sidney Crosby, J.T. Miller, Tyler Toffoli

Scratches
None

EDMONTON

5 vs 5 Forward 
   Center                   Left Wing                Right Wing               Time % Phy DF OF 
 1 Anze Kopitar             Jakub Voracek            Bryan Rust               35     1   2  2  
 2 Tyler Johnson            David Perron             Kyle Palmieri            30     1   2  2  
 3 Craig Smith              Darren Helm              Barclay Goodrow          25     1   2  2  
 4 Mathieu Perreault        Colin Wilson             Josh Archibald           10     1   2  2  

5 vs 5 Defense 
   Defense                  Defense                                           Time % Phy DF OF 
 1 Travis Hamonic           Jason Demers                                      35     1   2  2  
 2 Derek Forbort            Matt Roy                                          30     1   2  2  
 3 Colin Miller             Justin Holl                                       25     1   2  2  
 4 Travis Hamonic           Jason Demers                                      10     1   2  2  

PowerPlay Forward 
   Center                   Left Wing                Right Wing               Time % Phy DF OF 
 1 Anze Kopitar             Jakub Voracek            Bryan Rust               60     1   2  2  
 2 Craig Smith              David Perron             Kyle Palmieri            40     1   2  2  

PowerPlay Defense
   Defense                  Defense                                           Time % Phy DF OF 
 1 Travis Hamonic           Jason Demers                                      60     1   2  2  
 2 Derek Forbort            Matt Roy                                          40     1   2  2  

Penalty Kill 4 Players Forward 
   Center                   Wing                     Time % Phy DF OF 
 1 Anze Kopitar             Jakub Voracek            60     1   2  2  
 2 David Perron             Bryan Rust               40     1   2  2  

Penalty Kill 4 Players Defense
   Defense                  Defense                  Time % Phy DF OF 
 1 Travis Hamonic           Jason Demers             60     1   2  2  
 2 Derek Forbort            Matt Roy                 40     1   2  2  

Penalty Kill - 3 Players Forward 
   Forward                                           Time % Phy DF OF 
 1 Anze Kopitar                                      60     1   2  2  
 2 Jakub Voracek                                     40     1   2  2  

Penalty Kill - 3 Players Defense
   Defense                  Defense                  Time % Phy DF OF 
 1 Travis Hamonic           Jason Demers             60     1   2  2  
 2 Derek Forbort            Matt Roy                 40     1   2  2  

4 vs 4 Forward 
   Center                   Wing                     Time % Phy DF OF 
 1 Anze Kopitar             Jakub Voracek            60     1   2  2  
 2 David Perron             Bryan Rust               40     1   2  2  

4 vs 4 Defense
   Defense                  Defense                  Time % Phy DF OF 
 1 Travis Hamonic           Jason Demers             60     1   2  2  
 2 Derek Forbort            Matt Roy                 40     1   2  2  

Last Minutes Offensive
   Center                   Left Wing                Right Wing               Defense                  Defense                  
   Anze Kopitar             Jakub Voracek            Bryan Rust               Travis Hamonic           Jason Demers             

Last Minutes Defensive
   Center                   Left Wing                Right Wing               Defense                  Defense                  
   Anze Kopitar             Jakub Voracek            Bryan Rust               Travis Hamonic           Jason Demers             

Goaltenders
Starting : Darcy Kuemper            
Backup : Aaron Dell               

Extra Forwards
Normal : Tyler Johnson, Barclay Goodrow, Darren Helm - PP : Tyler Johnson, Barclay Goodrow - PK : Darren Helm
Extra Defensemen
Normal : Colin Miller, Justin Holl, Derek Forbort - PP : Colin Miller - PK : Justin Holl, Derek Forbort
Penalty Shots
Anze Kopitar, Jakub Voracek, David Perron, Bryan Rust, Kyle Palmieri

Scratches
EDM Cap Hit (Suspend)

% Time on Ice - WINNIPEG

Lines # - Real PCT - Wanted PCT - Time Play
Normal Forward
1 - 31% - 41% - 15:36
2 - 29% - 40% - 14:25
3 - 29% - 15% - 14:39
4 - 11% - 4% - 5:25
Normal Defense
1 - 33% - 35% - 16:24
2 - 32% - 33% - 15:52
3 - 33% - 22% - 16:24
4 - 3% - 10% - 1:25
PP Forward
1 - 45% - 60% - 0:53
2 - 55% - 40% - 1:06
PP Defense
1 - 45% - 60% - 0:53
2 - 55% - 40% - 1:06
PK Forward
1 - 68% - 60% - 4:02
2 - 32% - 40% - 1:55
PK Defense
1 - 50% - 60% - 2:57
2 - 50% - 40% - 3:00
PK3 Forward
1 - 0% - 60%
2 - 0% - 40%
PK3 Defense
1 - 0% - 60%
2 - 0% - 40%
44 Forward
1 - 72% - 60% - 1:26
2 - 28% - 40% - 0:33
44 Defense
1 - 28% - 60% - 0:33
2 - 72% - 40% - 1:26
Last Minute Offensive  - 0:00
Last Minute Defensive  - 0:00
Total
Forward - 60:00
Defense - 60:00

% Time on Ice - EDMONTON

Lines # - Real PCT - Wanted PCT - Time Play
Normal Forward
1 - 34% - 35% - 17:16
2 - 28% - 30% - 14:06
3 - 24% - 25% - 11:55
4 - 14% - 10% - 6:48
Normal Defense
1 - 33% - 35% - 16:36
2 - 32% - 30% - 16:12
3 - 29% - 25% - 14:37
4 - 5% - 10% - 2:40
PP Forward
1 - 55% - 60% - 3:16
2 - 45% - 40% - 2:41
PP Defense
1 - 62% - 60% - 3:43
2 - 38% - 40% - 2:14
PK Forward
1 - 100% - 60% - 1:59
2 - 0% - 40% - 0:00
PK Defense
1 - 55% - 60% - 1:05
2 - 45% - 40% - 0:54
PK3 Forward
1 - 0% - 60%
2 - 0% - 40%
PK3 Defense
1 - 0% - 60%
2 - 0% - 40%
44 Forward
1 - 82% - 60% - 1:38
2 - 18% - 40% - 0:21
44 Defense
1 - 52% - 60% - 1:02
2 - 48% - 40% - 0:57
Last Minute Offensive  - 0:00
Last Minute Defensive  - 0:00
Total
Forward - 60:00
Defense - 60:00

Play-by-Play

1st period


0:01 of 1st period - Anze Kopitar wins face-off versus Jay Beagle in neutral zone.
1:14 of 1st period - Shot by Sidney Crosby.
1:14 of 1st period - Goal by Sidney Crosby - WINNIPEG : 1 - EDMONTON : 0.
1:15 of 1st period - Craig Smith wins face-off versus Nic Dowd in neutral zone.
1:31 of 1st period - Shot by Nic Dowd.
1:31 of 1st period - Shot Misses the Net.
1:33 of 1st period - Shot by Nic Dowd.
1:33 of 1st period - Deflect By Tyler Motte.
1:33 of 1st period - Stopped by Darcy Kuemper without a rebound.
1:34 of 1st period - Sidney Crosby wins face-off versus Mathieu Perreault in EDMONTON zone.
1:39 of 1st period - Shot by Alex Ovechkin.
1:39 of 1st period - Shot Misses the Net.
2:09 of 1st period - Shot by Josh Archibald.
2:09 of 1st period - Stopped by Connor Hellebuyck without a rebound.
2:10 of 1st period - Nic Dowd wins face-off versus Craig Smith in WINNIPEG zone.
2:10 of 1st period - Nic Dowd is hit by Darren Helm.
2:17 of 1st period - Justin Braun is hit by Craig Smith and loses puck.
4:02 of 1st period - Icing by Derek Forbort.
4:03 of 1st period - Tyler Toffoli wins face-off versus Anze Kopitar in EDMONTON zone.
4:03 of 1st period - Patrick Kane is hit by Matt Roy and loses puck.
4:24 of 1st period - Shot by Patrick Kane.
4:24 of 1st period - Goal by Patrick Kane - WINNIPEG : 2 - EDMONTON : 0.
4:25 of 1st period - Mathieu Perreault wins face-off versus Sidney Crosby in neutral zone.
4:25 of 1st period - Mathieu Perreault is hit by Alex Ovechkin.
4:40 of 1st period - Shot by Mathieu Perreault.
4:40 of 1st period - Shot Blocked by J.T. Miller.
4:42 of 1st period - Shot by Colin Wilson.
4:42 of 1st period - Shot Misses the Net.
4:44 of 1st period - Shot by Josh Archibald.
4:44 of 1st period - Deflect By Mathieu Perreault.
4:44 of 1st period - Shot Misses the Net.
4:46 of 1st period - Shot by Colin Miller.
4:46 of 1st period - Stopped by Connor Hellebuyck without a rebound.
4:47 of 1st period - Anze Kopitar wins face-off versus Jay Beagle in WINNIPEG zone.
4:58 of 1st period - Shot by Patrick Kane.
4:58 of 1st period - Stopped by Darcy Kuemper with a rebound.
5:00 of 1st period - Shot by Olli Maatta.
5:00 of 1st period - Stopped by Darcy Kuemper without a rebound.
5:01 of 1st period - Sidney Crosby wins face-off versus Tyler Johnson in EDMONTON zone.
5:38 of 1st period - Shot by Kyle Palmieri.
5:38 of 1st period - Deflect By David Perron.
5:38 of 1st period - Shot Misses the Net.
5:40 of 1st period - Shot by Tyler Johnson.
5:40 of 1st period - Stopped by Connor Hellebuyck without a rebound.
5:41 of 1st period - Jay Beagle wins face-off versus Anze Kopitar in WINNIPEG zone.
5:41 of 1st period - Alexander Edler is hit by Bryan Rust and loses puck.
5:53 of 1st period - Tyler Toffoli is hit by Jason Demers and loses puck.
6:16 of 1st period - Shot by Patrick Kane.
6:16 of 1st period - Stopped by Darcy Kuemper with a rebound.
6:18 of 1st period - Shot by Patrick Kane.
6:18 of 1st period - Shot Misses the Net.
6:39 of 1st period - Loui Eriksson is hit by Barclay Goodrow and loses puck.
7:28 of 1st period - Shot by Kyle Palmieri.
7:28 of 1st period - Stopped by Connor Hellebuyck without a rebound.
7:29 of 1st period - Nic Dowd wins face-off versus Mathieu Perreault in WINNIPEG zone.
7:42 of 1st period - Shot by Marcus Pettersson.
7:42 of 1st period - Stopped by Darcy Kuemper without a rebound.
7:43 of 1st period - Jay Beagle wins face-off versus David Perron in EDMONTON zone.
8:01 of 1st period - Shot by Jason Demers.
8:01 of 1st period - Shot Misses the Net.
8:07 of 1st period - Shot by Kyle Palmieri.
8:07 of 1st period - Stopped by Connor Hellebuyck without a rebound.
8:08 of 1st period - Nic Dowd wins face-off versus Anze Kopitar in WINNIPEG zone.
8:28 of 1st period - Icing by Chris Tanev.
8:29 of 1st period - Nic Dowd wins face-off versus Craig Smith in WINNIPEG zone.
8:40 of 1st period - Shot by Tyler Motte.
8:40 of 1st period - Deflect By Antoine Roussel.
8:40 of 1st period - Stopped by Darcy Kuemper without a rebound.
8:41 of 1st period - Anze Kopitar wins face-off versus Sidney Crosby in EDMONTON zone.
8:45 of 1st period - Minor Penalty to J.T. Miller for Hooking.
8:46 of 1st period - Anze Kopitar wins face-off versus Jay Beagle in WINNIPEG zone.
8:48 of 1st period - Jakub Voracek is hit by Alexander Edler and loses puck.
10:09 of 1st period - Shot by Kyle Palmieri.
10:09 of 1st period - Deflect By Craig Smith.
10:09 of 1st period - Stopped by Connor Hellebuyck without a rebound.
10:10 of 1st period - Anze Kopitar wins face-off versus Jay Beagle in WINNIPEG zone.
11:00 of 1st period - Shot by Loui Eriksson.
11:00 of 1st period - Shot Misses the Net.
11:10 of 1st period - Shot by Alex Ovechkin.
11:10 of 1st period - Shot Misses the Net.
11:12 of 1st period - Shot by Zack MacEwen.
11:12 of 1st period - Shot Blocked by Justin Holl.
11:14 of 1st period - Shot by Loui Eriksson.
11:14 of 1st period - Deflect By Alex Ovechkin.
11:14 of 1st period - Shot Misses the Net.
11:16 of 1st period - Shot by Alexander Edler.
11:16 of 1st period - Shot Blocked by Justin Holl.
11:25 of 1st period - Icing by Justin Holl.
11:26 of 1st period - Mathieu Perreault wins face-off versus Jay Beagle in EDMONTON zone.
11:50 of 1st period - Tyler Johnson is hit by Marcus Pettersson and loses puck.
12:02 of 1st period - Marcus Pettersson is hit by Tyler Johnson and loses puck.
12:08 of 1st period - Tyler Johnson is hit by Marcus Pettersson.
12:18 of 1st period - Shot by Tyler Johnson.
12:18 of 1st period - Stopped by Connor Hellebuyck without a rebound.
12:19 of 1st period - Craig Smith wins face-off versus Sidney Crosby in WINNIPEG zone.
12:28 of 1st period - Shot by Craig Smith.
12:28 of 1st period - Stopped by Connor Hellebuyck without a rebound.
12:29 of 1st period - Sidney Crosby wins face-off versus Anze Kopitar in WINNIPEG zone.
12:50 of 1st period - Shot by J.T. Miller.
12:50 of 1st period - Stopped by Darcy Kuemper without a rebound.
12:51 of 1st period - Craig Smith wins face-off versus Nic Dowd in EDMONTON zone.
12:51 of 1st period - Craig Smith is hit by Nic Dowd.
13:21 of 1st period - Shot by Nic Dowd.
13:21 of 1st period - Shot Misses the Net.
13:23 of 1st period - Shot by Oscar Fantenberg.
13:23 of 1st period - Stopped by Darcy Kuemper without a rebound.
13:24 of 1st period - Anze Kopitar wins face-off versus Sidney Crosby in EDMONTON zone.
13:37 of 1st period - Shot by Jakub Voracek.
13:37 of 1st period - Shot Blocked by Chris Tanev.
14:05 of 1st period - Shot by Bryan Rust.
14:05 of 1st period - Goal by Bryan Rust - WINNIPEG : 2 - EDMONTON : 1.
14:06 of 1st period - Tyler Johnson wins face-off versus Jay Beagle in neutral zone.
14:26 of 1st period - David Perron is hit by Oscar Fantenberg and loses puck.
14:41 of 1st period - Icing by Justin Braun.
14:42 of 1st period - Craig Smith wins face-off versus Jay Beagle in WINNIPEG zone.
15:05 of 1st period - J.T. Miller is hit by Darren Helm and loses puck.
15:09 of 1st period - Icing by Sidney Crosby.
15:10 of 1st period - Sidney Crosby wins face-off versus Anze Kopitar in WINNIPEG zone.
15:46 of 1st period - Shot by Sidney Crosby.
15:46 of 1st period - Deflect By Alex Ovechkin.
15:46 of 1st period - Stopped by Darcy Kuemper without a rebound.
15:47 of 1st period - Nic Dowd wins face-off versus Tyler Johnson in EDMONTON zone.
15:59 of 1st period - Matt Roy is hit by Tyler Motte.
16:06 of 1st period - Tyler Johnson is hit by Marcus Pettersson and loses puck.
16:39 of 1st period - Icing by Oscar Fantenberg.
16:40 of 1st period - Jay Beagle wins face-off versus Anze Kopitar in WINNIPEG zone.
17:11 of 1st period - Icing by Justin Braun.
17:12 of 1st period - Jay Beagle wins face-off versus Craig Smith in WINNIPEG zone.
17:12 of 1st period - Jay Beagle is hit by Craig Smith.
17:15 of 1st period - Oscar Fantenberg is hit by Barclay Goodrow and loses puck.
17:28 of 1st period - Shot by Craig Smith.
17:28 of 1st period - Shot Blocked by Oscar Fantenberg.
17:33 of 1st period - Shot by Craig Smith.
17:33 of 1st period - Shot Blocked by Tyler Toffoli.
17:52 of 1st period - Tyler Toffoli is hit by Colin Miller and loses puck.
18:07 of 1st period - Off-side.
18:08 of 1st period - Sidney Crosby wins face-off versus Anze Kopitar in neutral zone.
18:38 of 1st period - Off-side.
18:39 of 1st period - Nic Dowd wins face-off versus Tyler Johnson in neutral zone.
18:44 of 1st period - Tyler Johnson is hit by Antoine Roussel and loses puck.
19:15 of 1st period - Shot by Kyle Palmieri.
19:15 of 1st period - Stopped by Connor Hellebuyck with a rebound.
19:31 of 1st period - Chris Tanev is hit by Mathieu Perreault and loses puck.
Goals for this period are 2 for WINNIPEG vs 1 for EDMONTON.
Shots for this period are 11 for WINNIPEG vs 10 for EDMONTON.

2nd period


0:01 of 2nd period - Sidney Crosby wins face-off versus Anze Kopitar in neutral zone.
0:03 of 2nd period - Olli Maatta is hit by Jason Demers and loses puck.
0:27 of 2nd period - Minor Penalty to Jakub Voracek for Hooking.
0:28 of 2nd period - Anze Kopitar wins face-off versus Jay Beagle in EDMONTON zone.
1:15 of 2nd period - Icing by Justin Braun.
1:16 of 2nd period - Darren Helm wins face-off versus Sidney Crosby in WINNIPEG zone.
1:18 of 2nd period - David Perron is hit by Alexander Edler and loses puck.
1:29 of 2nd period - Shot by Alex Ovechkin.
1:29 of 2nd period - Shot Misses the Net.
2:20 of 2nd period - Shot by Chris Tanev.
2:20 of 2nd period - Shot Misses the Net.
2:22 of 2nd period - Shot by Marcus Pettersson.
2:22 of 2nd period - Shot Blocked by Derek Forbort.
2:24 of 2nd period - Shot by Marcus Pettersson.
2:24 of 2nd period - Shot Misses the Net.
2:26 of 2nd period - Shot by Chris Tanev.
2:26 of 2nd period - Shot Blocked by Derek Forbort.
2:39 of 2nd period - Tyler Motte is hit by Mathieu Perreault and loses puck.
2:48 of 2nd period - Shot by Colin Wilson.
2:48 of 2nd period - Shot Misses the Net.
3:21 of 2nd period - Jakub Voracek is hit by Zack MacEwen and loses puck.
3:42 of 2nd period - Shot by Anze Kopitar.
3:42 of 2nd period - Shot Misses the Net.
3:47 of 2nd period - Oscar Fantenberg is hit by Derek Forbort and loses puck.
4:03 of 2nd period - Off-side.
4:04 of 2nd period - Tyler Johnson wins face-off versus Jay Beagle in neutral zone.
4:06 of 2nd period - Minor Penalty to Chris Tanev for High sticking.
4:07 of 2nd period - Craig Smith wins face-off versus Jay Beagle in WINNIPEG zone.
4:08 of 2nd period - Shot by Kyle Palmieri.
4:08 of 2nd period - Shot Misses the Net.
4:36 of 2nd period - Shot by Craig Smith.
4:36 of 2nd period - Shot Misses the Net.
4:38 of 2nd period - Shot by Travis Hamonic.
4:38 of 2nd period - Stopped by Connor Hellebuyck without a rebound.
4:39 of 2nd period - J.T. Miller wins face-off versus Anze Kopitar in WINNIPEG zone.
4:54 of 2nd period - Shot by Bryan Rust.
4:54 of 2nd period - Shot Misses the Net.
4:56 of 2nd period - Shot by Bryan Rust.
4:56 of 2nd period - Shot Blocked by Marcus Pettersson.
4:58 of 2nd period - Shot by Jakub Voracek.
4:58 of 2nd period - Stopped by Connor Hellebuyck without a rebound.
4:59 of 2nd period - J.T. Miller wins face-off versus Craig Smith in WINNIPEG zone.
4:59 of 2nd period - J.T. Miller is hit by David Perron.
5:13 of 2nd period - Shot by Travis Hamonic.
5:13 of 2nd period - Stopped by Connor Hellebuyck without a rebound.
5:14 of 2nd period - J.T. Miller wins face-off versus Anze Kopitar in WINNIPEG zone.
5:37 of 2nd period - Shot by Anze Kopitar.
5:37 of 2nd period - Deflect By Bryan Rust.
5:37 of 2nd period - Shot Blocked by Marcus Pettersson.
5:39 of 2nd period - Shot by Derek Forbort.
5:39 of 2nd period - Stopped by Connor Hellebuyck without a rebound.
5:40 of 2nd period - Craig Smith wins face-off versus J.T. Miller in WINNIPEG zone.
5:51 of 2nd period - Shot by Kyle Palmieri.
5:51 of 2nd period - Shot Blocked by Justin Braun.
5:53 of 2nd period - Shot by Craig Smith.
5:53 of 2nd period - Stopped by Connor Hellebuyck without a rebound.
5:54 of 2nd period - Jay Beagle wins face-off versus Kyle Palmieri in WINNIPEG zone.
6:07 of 2nd period - Shot by Kyle Palmieri.
6:07 of 2nd period - Stopped by Connor Hellebuyck without a rebound.
6:08 of 2nd period - Mathieu Perreault wins face-off versus Alex Ovechkin in WINNIPEG zone.
7:45 of 2nd period - Patrick Kane is hit by Justin Holl and loses puck.
8:19 of 2nd period - Shot by Bryan Rust.
8:19 of 2nd period - Shot Blocked by Oscar Fantenberg.
9:05 of 2nd period - Shot by Sidney Crosby.
9:05 of 2nd period - Shot Misses the Net.
9:07 of 2nd period - Shot by Sidney Crosby.
9:07 of 2nd period - Goal by Sidney Crosby - WINNIPEG : 3 - EDMONTON : 1.
9:08 of 2nd period - Zack MacEwen wins face-off versus Craig Smith in neutral zone.
9:17 of 2nd period - Shot by Alex Ovechkin.
9:17 of 2nd period - Deflect By Zack MacEwen.
9:17 of 2nd period - Stopped by Darcy Kuemper without a rebound.
9:18 of 2nd period - Mathieu Perreault wins face-off versus Jay Beagle in EDMONTON zone.
9:39 of 2nd period - Patrick Kane is hit by Josh Archibald and loses puck.
10:24 of 2nd period - Icing by Derek Forbort.
10:25 of 2nd period - Tyler Johnson wins face-off versus Sidney Crosby in EDMONTON zone.
10:36 of 2nd period - Shot by Kyle Palmieri.
10:36 of 2nd period - Stopped by Connor Hellebuyck with a rebound.
10:38 of 2nd period - Shot by David Perron.
10:38 of 2nd period - Stopped by Connor Hellebuyck without a rebound.
10:39 of 2nd period - Jakub Voracek wins face-off versus Zack MacEwen in WINNIPEG zone.
11:55 of 2nd period - Shot by Barclay Goodrow.
11:55 of 2nd period - Stopped by Connor Hellebuyck without a rebound.
11:56 of 2nd period - Nic Dowd wins face-off versus Tyler Johnson in WINNIPEG zone.
12:32 of 2nd period - Off-side.
12:33 of 2nd period - Jay Beagle wins face-off versus Anze Kopitar in neutral zone.
13:05 of 2nd period - Bryan Rust is hit by Alexander Edler and loses puck.
13:30 of 2nd period - Shot by Colin Miller.
13:30 of 2nd period - Stopped by Connor Hellebuyck without a rebound.
13:31 of 2nd period - Nic Dowd wins face-off versus Tyler Johnson in WINNIPEG zone.
13:57 of 2nd period - Kyle Palmieri is hit by Tyler Motte.
13:59 of 2nd period - Shot by David Perron.
13:59 of 2nd period - Shot Hit the Post.
14:01 of 2nd period - Shot by David Perron.
14:01 of 2nd period - Shot Misses the Net.
14:03 of 2nd period - Shot by Kyle Palmieri.
14:03 of 2nd period - Shot Blocked by Oscar Fantenberg.
14:05 of 2nd period - Shot by Matt Roy.
14:05 of 2nd period - Shot Misses the Net.
14:09 of 2nd period - Shot by David Perron.
14:09 of 2nd period - Stopped by Connor Hellebuyck without a rebound.
14:10 of 2nd period - Craig Smith wins face-off versus Sidney Crosby in WINNIPEG zone.
14:23 of 2nd period - Barclay Goodrow is hit by Alex Ovechkin and loses puck.
15:02 of 2nd period - Colin Miller is hit by Jay Beagle and loses puck.
15:13 of 2nd period - Shot by Patrick Kane.
15:13 of 2nd period - Goal by Patrick Kane - WINNIPEG : 4 - EDMONTON : 1.
15:14 of 2nd period - Anze Kopitar wins face-off versus Nic Dowd in neutral zone.
16:30 of 2nd period - Icing by Olli Maatta.
16:31 of 2nd period - Jay Beagle wins face-off versus Kyle Palmieri in WINNIPEG zone.
16:55 of 2nd period - Off-side.
16:56 of 2nd period - Craig Smith wins face-off versus Sidney Crosby in neutral zone.
16:58 of 2nd period - Barclay Goodrow is hit by Marcus Pettersson and loses puck.
17:17 of 2nd period - Shot by Barclay Goodrow.
17:17 of 2nd period - Shot Blocked by Marcus Pettersson.
17:23 of 2nd period - Colin Miller is hit by J.T. Miller and loses puck.
17:45 of 2nd period - Colin Miller is hit by Tyler Motte and loses puck.
17:57 of 2nd period - Off-side.
17:58 of 2nd period - Tyler Johnson wins face-off versus Jay Beagle in neutral zone.
18:11 of 2nd period - Tyler Johnson is hit by Tyler Toffoli and loses puck.
18:31 of 2nd period - Shot by Tyler Toffoli.
18:31 of 2nd period - Deflect By Patrick Kane.
18:31 of 2nd period - Shot Misses the Net.
18:59 of 2nd period - Shot by Travis Hamonic.
18:59 of 2nd period - Stopped by Connor Hellebuyck without a rebound.
19:00 of 2nd period - Sidney Crosby wins face-off versus Mathieu Perreault in WINNIPEG zone.
19:09 of 2nd period - Shot by Sidney Crosby.
19:09 of 2nd period - Shot Misses the Net.
19:11 of 2nd period - Shot by Sidney Crosby.
19:11 of 2nd period - Stopped by Darcy Kuemper without a rebound.
19:12 of 2nd period - Anze Kopitar wins face-off versus Sidney Crosby in EDMONTON zone.
19:30 of 2nd period - Sidney Crosby is hit by Jason Demers and loses puck.
Goals for this period are 2 for WINNIPEG vs 0 for EDMONTON.
Shots for this period are 4 for WINNIPEG vs 12 for EDMONTON.

3rd period


0:01 of 3rd period - Sidney Crosby wins face-off versus Tyler Johnson in neutral zone.
0:04 of 3rd period - Tyler Johnson is hit by Alex Ovechkin.
0:16 of 3rd period - Shot by J.T. Miller.
0:16 of 3rd period - Shot Misses the Net.
0:26 of 3rd period - Shot by Sidney Crosby.
0:26 of 3rd period - Stopped by Darcy Kuemper without a rebound.
0:27 of 3rd period - Jay Beagle wins face-off versus Anze Kopitar in EDMONTON zone.
0:28 of 3rd period - Shot by Tyler Toffoli.
0:28 of 3rd period - Stopped by Darcy Kuemper without a rebound.
0:29 of 3rd period - Anze Kopitar wins face-off versus Jay Beagle in EDMONTON zone.
0:29 of 3rd period - Anze Kopitar is hit by Jay Beagle.
1:01 of 3rd period - Shot by Bryan Rust.
1:01 of 3rd period - Shot Misses the Net.
1:05 of 3rd period - Shot by Bryan Rust.
1:05 of 3rd period - Shot Blocked by Marcus Pettersson.
1:38 of 3rd period - David Perron is hit by Alexander Edler and loses puck.
1:42 of 3rd period - Icing by Alexander Edler.
1:43 of 3rd period - Sidney Crosby wins face-off versus Craig Smith in WINNIPEG zone.
2:00 of 3rd period - Shot by Alex Ovechkin.
2:00 of 3rd period - Stopped by Darcy Kuemper without a rebound.
2:01 of 3rd period - Mathieu Perreault wins face-off versus Nic Dowd in EDMONTON zone.
2:22 of 3rd period - Shot by Mathieu Perreault.
2:22 of 3rd period - Shot Hit the Post.
2:25 of 3rd period - Icing by Nic Dowd.
2:26 of 3rd period - Nic Dowd wins face-off versus Tyler Johnson in WINNIPEG zone.
2:26 of 3rd period - Nic Dowd is hit by David Perron.
2:31 of 3rd period - Oscar Fantenberg is hit by Derek Forbort and loses puck.
2:40 of 3rd period - Shot by Tyler Johnson.
2:40 of 3rd period - Deflect By David Perron.
2:40 of 3rd period - Shot Misses the Net.
3:41 of 3rd period - Shot by Barclay Goodrow.
3:41 of 3rd period - Shot Misses the Net.
3:43 of 3rd period - Shot by Craig Smith.
3:43 of 3rd period - Deflect By Darren Helm.
3:43 of 3rd period - Stopped by Connor Hellebuyck without a rebound.
3:44 of 3rd period - Anze Kopitar wins face-off versus Jay Beagle in WINNIPEG zone.
3:58 of 3rd period - Anze Kopitar is hit by Olli Maatta and loses puck.
4:12 of 3rd period - Jakub Voracek is hit by Alexander Edler and loses puck.
4:40 of 3rd period - Minor Penalty to Mathieu Perreault for Hooking.
4:40 of 3rd period - Minor Penalty to Alex Ovechkin for Tripping.
4:41 of 3rd period - Anze Kopitar wins face-off versus J.T. Miller in neutral zone.
5:00 of 3rd period - Shot by Anze Kopitar.
5:00 of 3rd period - Shot Blocked by Chris Tanev.
5:08 of 3rd period - Shot by J.T. Miller.
5:08 of 3rd period - Stopped by Darcy Kuemper with a rebound.
5:49 of 3rd period - Shot by Alexander Edler.
5:49 of 3rd period - Goal by Alexander Edler - WINNIPEG : 5 - EDMONTON : 1.
5:50 of 3rd period - J.T. Miller wins face-off versus Barclay Goodrow in neutral zone.
6:52 of 3rd period - Shot by Mathieu Perreault.
6:52 of 3rd period - Stopped by Connor Hellebuyck without a rebound.
6:53 of 3rd period - Nic Dowd wins face-off versus Tyler Johnson in WINNIPEG zone.
7:26 of 3rd period - Shot by Antoine Roussel.
7:26 of 3rd period - Shot Misses the Net.
7:28 of 3rd period - Shot by Tyler Motte.
7:28 of 3rd period - Stopped by Darcy Kuemper without a rebound.
7:29 of 3rd period - Craig Smith wins face-off versus Zack MacEwen in EDMONTON zone.
7:40 of 3rd period - Shot by Craig Smith.
7:40 of 3rd period - Stopped by Connor Hellebuyck without a rebound.
7:41 of 3rd period - Sidney Crosby wins face-off versus Anze Kopitar in WINNIPEG zone.
7:46 of 3rd period - Bryan Rust is hit by Alex Ovechkin and loses puck.
8:30 of 3rd period - Off-side.
8:31 of 3rd period - Jay Beagle wins face-off versus Barclay Goodrow in neutral zone.
9:02 of 3rd period - Shot by Tyler Toffoli.
9:02 of 3rd period - Stopped by Darcy Kuemper without a rebound.
9:03 of 3rd period - Tyler Johnson wins face-off versus Antoine Roussel in EDMONTON zone.
9:16 of 3rd period - Shot by Nic Dowd.
9:16 of 3rd period - Shot Misses the Net.
9:40 of 3rd period - Shot by Tyler Johnson.
9:40 of 3rd period - Shot Blocked by Nic Dowd.
10:09 of 3rd period - Shot by Sidney Crosby.
10:09 of 3rd period - Stopped by Darcy Kuemper without a rebound.
10:10 of 3rd period - Sidney Crosby wins face-off versus Craig Smith in EDMONTON zone.
10:30 of 3rd period - Shot by Sidney Crosby.
10:30 of 3rd period - Stopped by Darcy Kuemper without a rebound.
10:31 of 3rd period - Anze Kopitar wins face-off versus Jay Beagle in EDMONTON zone.
11:00 of 3rd period - Shot by Anze Kopitar.
11:00 of 3rd period - Deflect By Jakub Voracek.
11:00 of 3rd period - Stopped by Connor Hellebuyck without a rebound.
11:01 of 3rd period - Sidney Crosby wins face-off versus Tyler Johnson in WINNIPEG zone.
11:43 of 3rd period - Chris Tanev is hit by Kyle Palmieri and loses puck.
11:59 of 3rd period - Icing by Colin Miller.
12:00 of 3rd period - Jay Beagle wins face-off versus Craig Smith in EDMONTON zone.
13:02 of 3rd period - Shot by Nic Dowd.
13:02 of 3rd period - Deflect By Antoine Roussel.
13:02 of 3rd period - Shot Misses the Net.
13:04 of 3rd period - Shot by Justin Braun.
13:04 of 3rd period - Stopped by Darcy Kuemper without a rebound.
13:05 of 3rd period - David Perron wins face-off versus Zack MacEwen in EDMONTON zone.
13:24 of 3rd period - David Perron is hit by Alex Ovechkin and loses puck.
13:36 of 3rd period - Shot by Zack MacEwen.
13:36 of 3rd period - Stopped by Darcy Kuemper without a rebound.
13:37 of 3rd period - Anze Kopitar wins face-off versus Tyler Motte in EDMONTON zone.
14:13 of 3rd period - Shot by Jakub Voracek.
14:13 of 3rd period - Stopped by Connor Hellebuyck without a rebound.
14:14 of 3rd period - Jay Beagle wins face-off versus Craig Smith in WINNIPEG zone.
14:14 of 3rd period - Jay Beagle is hit by Darren Helm.
14:19 of 3rd period - Off-side.
14:20 of 3rd period - Tyler Johnson wins face-off versus Sidney Crosby in neutral zone.
14:31 of 3rd period - Minor Penalty to Chris Tanev for Boarding.
14:32 of 3rd period - Anze Kopitar wins face-off versus Jay Beagle in WINNIPEG zone.
15:09 of 3rd period - Shot by Jakub Voracek.
15:09 of 3rd period - Stopped by Connor Hellebuyck with a rebound.
15:11 of 3rd period - Shot by Anze Kopitar.
15:11 of 3rd period - Stopped by Connor Hellebuyck without a rebound.
15:12 of 3rd period - Craig Smith wins face-off versus J.T. Miller in WINNIPEG zone.
15:15 of 3rd period - Shot by David Perron.
15:15 of 3rd period - Shot Blocked by Alexander Edler.
15:23 of 3rd period - Shot by Kyle Palmieri.
15:23 of 3rd period - Stopped by Connor Hellebuyck without a rebound.
15:24 of 3rd period - Jay Beagle wins face-off versus Craig Smith in WINNIPEG zone.
15:55 of 3rd period - Shot by Craig Smith.
15:55 of 3rd period - Stopped by Connor Hellebuyck with a rebound.
15:57 of 3rd period - Shot by David Perron.
15:57 of 3rd period - Shot Misses the Net.
16:17 of 3rd period - Tyler Toffoli is hit by Bryan Rust and loses puck.
17:04 of 3rd period - Icing by Chris Tanev.
17:05 of 3rd period - Loui Eriksson wins face-off versus Darren Helm in WINNIPEG zone.
18:31 of 3rd period - Shot by Anze Kopitar.
18:31 of 3rd period - Deflect By Bryan Rust.
18:31 of 3rd period - Stopped by Connor Hellebuyck without a rebound.
18:32 of 3rd period - Sidney Crosby wins face-off versus Tyler Johnson in WINNIPEG zone.
18:45 of 3rd period - Shot by Alex Ovechkin.
18:45 of 3rd period - Stopped by Darcy Kuemper with a rebound.
18:47 of 3rd period - Shot by Alex Ovechkin.
18:47 of 3rd period - Goal by Alex Ovechkin - WINNIPEG : 6 - EDMONTON : 1.
18:48 of 3rd period - Nic Dowd wins face-off versus Colin Wilson in neutral zone.
19:01 of 3rd period - Icing by Matt Roy.
19:02 of 3rd period - Mathieu Perreault wins face-off versus Sidney Crosby in EDMONTON zone.
19:06 of 3rd period - Off-side.
19:07 of 3rd period - Sidney Crosby wins face-off versus Jakub Voracek in neutral zone.
19:41 of 3rd period - Shot by Jakub Voracek.
19:41 of 3rd period - Deflect By Anze Kopitar.
19:41 of 3rd period - Shot Misses the Net.
Goals for this period are 2 for WINNIPEG vs 0 for EDMONTON.
Shots for this period are 13 for WINNIPEG vs 10 for EDMONTON.